 Dungeon Crawl Stone Soup version 0.32-a0-699-g1ee5eff69a (webtiles) character file.

Game seed: 11758021102505541126

299 IdlyInterested the Slasher (level 6, -12/44 HPs)
             Began as a Demonspawn Gladiator on Mar 13, 2024.
             Mangled by an ogre
             ... wielding a +0 giant spiked club
              (23 damage)
             ... on level 4 of the Dungeon.
             The game lasted 00:10:04 (3323 turns).

IdlyInterested the Slasher (Demonspawn Gladiator)   Turns: 3323, Time: 00:10:04

Health: -12/44     AC: 11    Str: 16    XL:     6   Next: 13%
Magic:  0/8        EV:  4    Int:  8    God:
Gold:   0          SH:  4    Dex: 15    Spells: 5/5 levels left

rFire   . . .        a - +0 long sword
rCold   . . .        (no shield)
rNeg    . . .        h - +0 plate armour
rPois   +            (helmet restricted)
rElec   .            (no cloak)
rCorr   .            t - +0 pair of gloves
SInv    .            (no boots)
Will    .....        (no amulet) Stlth
                     r - ring of poison resistance
HPRegen 0.27/turn    (no ring)
MPRegen 0.22/turn

%: guardian spirit
@: no status effects
A: horns 1, magic shield, magic regeneration, condensation shield
a: no special abilities


You were on level 4 of the Dungeon.
You visited 1 branch of the dungeon, and saw 4 of its levels.

You collected 114 gold pieces.
You spent 114 gold pieces at shops.

Inventory:

Hand Weapons
 a - a +0 long sword (weapon)
 c - a +1 heavy hand axe
 o - a +1 heavy falchion
 u - a +1 dagger of freezing
 y - a +0 halberd
 z - a +0 spear
Missiles
 d - 3 throwing nets
 e - a javelin
 q - 8 stones (quivered)
Armour
 b - a +0 leather armour
 h - a +0 plate armour (worn)
 n - a +0 ring mail
 t - a +0 pair of gloves (worn)
Jewellery
 r - a ring of poison resistance (left hand)
Talismans
 f - a flux talisman
Scrolls
 g - a scroll of amnesia {unknown}
 j - a scroll of teleportation
 m - a scroll of fog {unknown}
 p - a scroll of vulnerability {unknown}
 s - 2 scrolls of identify {unknown}
 x - a scroll of brand weapon {unknown}
 A - a scroll of torment {unknown}
 B - a scroll of poison {unknown}
Potions
 i - a potion of berserk rage {unknown}
 k - 2 potions of curing
 l - 2 potions of resistance
 v - a potion of mutation {unknown}
 w - 2 potions of attraction


   Skills:
 - Level 2.0 Fighting
 + Level 4.6 Long Blades
 - Level 2.0 Throwing
 - Level 2.0 Armour
 - Level 2.6 Dodging
 - Level 2.0 Stealth
 * Level 3.1 Invocations
 + Level 0.9 Shapeshifting


You had 5 spell levels left.
You didn't know any spells.
Your spell library contained the following spells:

 Spells                   Type           Power      Damage    Failure   Level
 Blink                    Tloc           0%         N/A       100%        2
 Lesser Beckoning         Tloc           0%         N/A       100%        2
 Momentum Strike          Conj/Tloc      0%         3d8       100%        2
 Dazzling Flash           Conj/Hex       0%         N/A       100%        3
 Starburst                Conj/Fire      0%         6d3       100%        6
 Maxwell's Capacitive Co  Air            0%         ∞         100%        8


Dungeon Overview and Level Annotations

Branches:
Dungeon (4/15)
 Temple: D:4-7

Altars:
Ashenzari

Shops:
D:1 !   D:4 !

Annotations:
D:4 1 transporter, crimsonchili123's ghost, amateur OpSu


Innate Abilities, Weirdness & Mutations

You have a pair of small horns on your head.
When hurt, damage is shared between your health and your magic reserves.
You regenerate magic rapidly.
A meltable shield of frost defends you. (SH +4)


Message History

Things that are here:
a +0 leather armour; a +0 dagger; an orc skeleton
Things that are here:
a +0 leather armour; a +0 dagger You see here a potion of degeneration.
The ogre shouts!
Crimsonchili123's ghost turns its malevolent gaze towards you.
The ogre shouts!
Crimsonchili123's ghost whispers, "There is no future for you."
Found a transporter.
There is a transporter here.
Okay, then.
Okay, then.
Okay, then.
You enter the transporter and appear at another place.
Crimsonchili123's ghost casts a spell.
The cerulean imp hits you but does no damage.
The cerulean imp completely misses you.
The cerulean imp hits you from afar with a +1 spear.
The ogre hits you with the +1 dire flail "Ril Suto"!
You block the cerulean imp's attack.
You slash the ogre!
The ogre is moderately wounded.
The ogre hits you with a +0 giant spiked club!!
You block the ogre's attack.
The cerulean imp hits you but does no damage.
Crimsonchili123's ghost mumbles some strange words.
You hit the ogre. You headbutt the ogre.
The ogre is heavily wounded.
The ogre hits you with a +0 giant spiked club!
* * * LOW HITPOINT WARNING * * *
The cerulean imp hits you but does no damage.
You block the ogre's attack.
Unknown command.
You hit the ogre. You headbutt the ogre.
The ogre is almost dead.
The cerulean imp hits you but does no damage.
The ogre hits you with a +0 giant spiked club!!
Ouch! That really hurt!
You die...

.[###..##
##.######...####..####
...#..## #..# ##..#
##..##. .....## ##.##
#..# ##....
.....######..# ##.#
##..# .......>....##
#..# ####
......####### ###..#
#....##
#..########...##
##.!## #..#......#.###
##..## #..#..##@.###
######
#...###..#.#5O#O#
###.....
##.......#.#.W#r#
#.......
###..#...©#(.##..#
#.......
##...###...#!.O..©#
#######.
.....####.©#.O##..# ##
###...###..#.#..#.# #
##....#..#.#..#.#
#.......#..##..#


You could see 2 ogres, crimsonchili123's ghost, a cerulean imp (summoned) and a
rat (summoned).

Vanquished Creatures
  An orc priest (D:4)
  3 hounds (D:4)
  Terence (D:2)
  Robin (D:3)
  4 gnolls (D:4)
  An adder (D:2)
  2 dart slugs
  A ribbon worm (D:4)
  8 orcs
  5 ball pythons
  4 endoplasms
  2 giant cockroaches (D:1)
  19 goblins
  9 hobgoblins
  A quokka (D:3)
  8 bats
  2 frilled lizards
  5 kobolds
  5 rats
82 creatures vanquished.

Notes
Turn   | Place    | Note
-------+----------+-------------------------------------------
     0 | D:1      | IdlyInterested the Demonspawn Gladiator began the quest for
                  | the Orb.
     0 | D:1      | Reached XP level 1. HP: 16/16 MP: 1/1
   155 | D:1      | Reached skill level 3 in Long Blades
   179 | D:1      | Gained mutation: A meltable shield of frost defends you.
                  | (SH +4) [demonic ancestry]
   179 | D:1      | Reached XP level 2. HP: 22/22 MP: 2/2
   205 | D:1      | Found Qenef's Distillery.
   355 | D:1      | Reached skill level 1 in Armour
   608 | D:1      | Reached XP level 3. HP: 27/27 MP: 3/3
   986 | D:2      | Noticed Terence
   995 | D:2      | Killed Terence
   996 | D:2      | Gained mutation: You regenerate magic rapidly. [demonic
                  | ancestry]
   996 | D:2      | Reached XP level 4. HP: 28/33 MP: 4/4
  1176 | D:3      | Found a broken altar of Ashenzari.
  1369 | D:3      | Found a faded altar of an unknown god.
  1435 | D:3      | Noticed Robin
  1437 | D:3      | Reached skill level 4 in Long Blades
  1466 | D:3      | Reached skill level 1 in Stealth
  1470 | D:3      | Killed Robin
  1921 | D:1      | Bought a potion of curing for 36 gold pieces
  1921 | D:1      | Bought a potion of degeneration for 12 gold pieces
  1921 | D:1      | Bought a potion of curing for 36 gold pieces
  1997 | D:4      | Noticed an ogre
  1998 | D:4      | Noticed crimsonchili123's ghost (amateur OpSu)
  2006 | D:4      | Gained mutation: You have a pair of small horns on your
                  | head. [demonic ancestry]
  2006 | D:4      | Reached XP level 5. HP: 37/38 MP: 5/5
  2019 | D:4      | Found a transporter.
  2022 | D:4      | Identified the +1 dire flail "Ril Suto" {protect, rF++ rN+
                  | rCorr SInv}
  2022 | D:4      | Noticed an ogre
  2038 | D:4      | Found Soegitij's Distillery.
  2050 | D:4      | Reached skill level 1 in Invocations
  2800 | D:4      | Gained mutation: When hurt, damage is shared between your
                  | health and your magic reserves. [demonic ancestry]
  2800 | D:4      | Reached XP level 6. HP: 16/44 MP: 8/8
  3298 | D:4      | Bought a potion of attraction for 30 gold pieces
  3313 | D:4      | Found a transporter.
  3323 | D:4      | Mangled by an ogre

Illustrated notes

Levels and vault maps discovered:
D:1:      sevenhm_arrival_forest_fort_small_4, layout_basic, serial_shops,
          nicolae_shop_industrial_runoff
D:2:      layout_basic, uniq_terence
D:3:      layout_rooms, lemuel_crystal_altar, basic_ecumenical_altar,
          chequers_serial_rivers_room_b, uniq_robin
D:4:      layout_layer_cave, gammafunk_ghost_smash, serial_shops, shop

Skill      XL: |  1  2  3  4  5  6 |
---------------+-------------------+-----
Throwing       | 2 |  2.0
Long Blades    | 3 4 |  4.6
Armour         | 1 2 |  2.0
Stealth        | 1 2 |  2.0
Invocations    | 2 3 |  3.1
Fighting       | |  2.0
Dodging        | |  2.6
Shapeshifting  | |  0.9

Action                     |  1- 3 |  4- 6 || total
---------------------------+-------+-------++-------
  Melee: Long sword        |   111 |   116 ||   227
         Unarmed           |       |     9 ||     9
         Headbutt          |       |    11 ||    11
  Throw: Stone             |       |     8 ||     8
    Use: Potion            |       |     3 ||     3
         Scroll            |       |     1 ||     1
 Armour: Leather armour    |    77 |       ||    77
         Ring mail         |       |    74 ||    74
         Skin              |       |    13 ||    13
         Plate armour      |       |    63 ||    63
  Dodge: Dodged            |    79 |    76 ||   155
  Block: Other             |    19 |    35 ||    54

Table legend: (Time is in decaauts)
 A = Elapsed time spent in this place.
 B = Non-inter-level travel time spent in this place.
 C = Inter-level travel time spent in this place.
 D = Time resting spent in this place.
 E = Time spent auto-exploring this place.
 F = Levels seen in this place.
 G = Mean time per level.
                   A        B        C        D        E       F      G
               +--------+--------+--------+--------+--------+-----+--------+
         Total |   3383 |   3108 |    275 |    365 |   2006 |   4 |  845.8 |
       Dungeon |   3383 |   3108 |    275 |    365 |   2006 |   4 |  845.8 |
               +--------+--------+--------+--------+--------+-----+--------+

Top non-repeatable levels by time:
     D:4: 1334 daAuts
     D:1: 752 daAuts
     D:3: 731 daAuts
     D:2: 565 daAuts
